BSA
PORTLAND CARDS @ KANSAS CITY KINGS
03/26/2030
 
TOP OF THE 1ST
Portland Cards batting - Pitching for Kansas City Kings : LHP Osvaldo Cruz
Pitching: LHP Osvaldo Cruz
Batting: RHB Norm Francis 0-0: Called Strike
0-1: Foul Ball, location: 2F
0-2: Ball
1-2: Ball
2-2: Foul Ball, location: 2F
2-2: Strikes out swinging
Batting: SHB Dale Winters 0-0: Called Strike
0-1: Swinging Strike
0-2: Ground out 6-3 (Groundball, 6)
Batting: LHB Paul Mullins 0-0: Ball
1-0: Ball
2-0: Called Strike
2-1: DOUBLE (Line Drive, 9D)
Batting: RHB Peter Hensley 0-0: Ball
1-0: Ground out 6-3 (Groundball, 6)
Top of the 1st over - 0 runs, 1 hit, 0 errors, 1 left on base; Portland 0 - Kansas City 0
BOTTOM OF THE 1ST
Kansas City Kings batting - Pitching for Portland Cards : RHP John Drake
Pitching: RHP John Drake
Batting: SHB Douglas Taylor 0-0: Foul Ball, location: 2F
0-1: Called Strike
0-2: Strikes out swinging
Batting: RHB Gregg Nelson 0-0: Ball
1-0: Ball
2-0: Ball
3-0: Called Strike
3-1: Foul Ball, location: 2F
3-2: Base on Balls
Batting: RHB Chris Chandler 0-0: Ball
1-0: Ball
2-0: TRIPLE (Line Drive, 8LXD)
Gregg Nelson scores
Batting: LHB Ron Crawford 0-0: Ball
1-0: Ball
2-0: Called Strike
2-1: Fly out, F7 (Flyball, 7D)
Runner from 3rd tags up, SCORES, no throw
Batting: RHB Oliver Lugo 0-0: Ball
1-0: Called Strike
1-1: Called Strike
1-2: SINGLE (Groundball, 34D)
Batting: RHB Dave Parker 0-0: Ball
1-0: Ball
2-0: Ball
3-0: Foul Ball, location: 2F
3-1: Foul Ball, location: 2F
3-2: Base on Balls
Oliver Lugo to second
Batting: RHB Eric Fuller 0-0: Ball
1-0: Ball
2-0: Called Strike
2-1: Ball
3-1: Foul Ball, location: 2F
3-2: Fly out, F9 (Flyball, 9)
Bottom of the 1st over - 2 runs, 2 hits, 0 errors, 2 left on base; Portland 0 - Kansas City 2
TOP OF THE 2ND
Portland Cards batting - Pitching for Kansas City Kings : LHP Osvaldo Cruz
Batting: RHB Bonifacio Torres 0-0: Called Strike
0-1: Foul Ball, location: 2F
0-2: Foul Ball, location: 2F
0-2: Strikes out looking
Batting: RHB Jesús Gutiérrez 0-0: Foul Ball, location: 2F
0-1: Foul Ball, location: 2F
0-2: Strikes out swinging
Batting: LHB Bill Smith 0-0: Foul Ball, location: 2F
0-1: Ground out U3 (Groundball, 34S)
Top of the 2nd over - 0 runs, 0 hits, 0 errors, 0 left on base; Portland 0 - Kansas City 2
BOTTOM OF THE 2ND
Kansas City Kings batting - Pitching for Portland Cards : RHP John Drake
Batting: RHB Jason Stover 0-0: Ball
1-0: Swinging Strike
1-1: Fly out, F7 (Flyball, 7LD)
Batting: LHB Greg Schultz 0-0: Ball
1-0: Ground out 4-3 (Groundball, 4)
Batting: SHB Douglas Taylor 0-0: Ball
1-0: Ball
2-0: Ball
3-0: Called Strike
3-1: Foul Ball, location: 2F
3-2: Base on Balls
Batting: RHB Gregg Nelson 0-0: Fielders Choice at 2nd, 5-4 (Groundball, 56)
Bottom of the 2nd over - 0 runs, 0 hits, 0 errors, 1 left on base; Portland 0 - Kansas City 2
TOP OF THE 3RD
Portland Cards batting - Pitching for Kansas City Kings : LHP Osvaldo Cruz
Batting: LHB Caleb Hall 0-0: Ball
1-0: Ball
2-0: Ball
3-0: Called Strike
3-1: Called Strike
3-2: Strikes out looking
Batting: LHB Joel Nelson 0-0: Called Strike
0-1: Ball
1-1: Ball
2-1: Ground out U3 (Groundball, 3)
Batting: RHB Norm Francis 0-0: Ball
1-0: Swinging Strike
1-1: Swinging Strike
1-2: Ball
2-2: Foul Ball, location: 2F
2-2: Ball
3-2: Strikes out swinging
Top of the 3rd over - 0 runs, 0 hits, 0 errors, 0 left on base; Portland 0 - Kansas City 2
BOTTOM OF THE 3RD
Kansas City Kings batting - Pitching for Portland Cards : RHP John Drake
Batting: RHB Chris Chandler 0-0: Called Strike
0-1: Ball
1-1: SINGLE (Line Drive, 8LS)
Batting: LHB Ron Crawford 0-0: Ball
1-0: Ground out U3 (Groundball, 3)
Chris Chandler to second
Batting: RHB Oliver Lugo 0-0: Ground out 5-3 (Groundball, 5)
Batting: RHB Dave Parker 0-0: Foul Ball, location: 2F
0-1: Called Strike
0-2: Strikes out swinging
Bottom of the 3rd over - 0 runs, 1 hit, 0 errors, 1 left on base; Portland 0 - Kansas City 2
TOP OF THE 4TH
Portland Cards batting - Pitching for Kansas City Kings : LHP Osvaldo Cruz
Pitching: LHP Tim Davidson
Batting: SHB Dale Winters 0-0: Ball
1-0: Called Strike
1-1: Ball
2-1: Fly out, F7 (Line Drive, 7)
Batting: LHB Paul Mullins 0-0: Ball
1-0: Called Strike
1-1: Foul Ball, location: 2F
1-2: Ball
2-2: Foul Ball, location: 2F
2-2: Foul Ball, location: 2F
2-2: Ground out 5-3 (Groundball, 2L)
Batting: RHB Peter Hensley 0-0: SOLO HOME RUN (Flyball, 7D), Distance : 389 ft
Batting: RHB Bonifacio Torres 0-0: Ground out 1-3 (Groundball, 15S)
Top of the 4th over - 1 run, 1 hit, 0 errors, 0 left on base; Portland 1 - Kansas City 2
BOTTOM OF THE 4TH
Kansas City Kings batting - Pitching for Portland Cards : RHP John Drake
Batting: RHB Eric Fuller 0-0: Ball
1-0: Ball
2-0: Ground out 4-3 (Groundball, 4)
Batting: RHB Jason Stover 0-0: Ground out 6-3 (Groundball, 6M)
Batting: LHB Greg Schultz 0-0: SINGLE (Line Drive, 9LS)
Batting: SHB Douglas Taylor 0-0: Ball
1-0: Called Strike
1-1: SINGLE (Groundball, 4D)
Greg Schultz to second
Runner from 2nd tries for 3rd, SAFE, no throw
Batting: RHB Gregg Nelson 0-0: Ball
Wild Pitch!
Greg Schultz scores
Douglas Taylor to second
1-0: Swinging Strike
1-1: Foul Ball, location: 2F
1-2: Strikes out looking
Bottom of the 4th over - 1 run, 2 hits, 0 errors, 1 left on base; Portland 1 - Kansas City 3
TOP OF THE 5TH
Portland Cards batting - Pitching for Kansas City Kings : LHP Tim Davidson
Batting: RHB Jesús Gutiérrez 0-0: Ball
1-0: Ground out 4-3 (Groundball, 34)
Batting: LHB Bill Smith 0-0: Ball
1-0: Ball
2-0: Called Strike
2-1: Foul Ball, location: 2F
2-2: Ground out 6-3 (Groundball, 6)
Batting: LHB Caleb Hall 0-0: Ball
1-0: Ball
2-0: Called Strike
2-1: Swinging Strike
2-2: Ball
3-2: Strikes out swinging
Top of the 5th over - 0 runs, 0 hits, 0 errors, 0 left on base; Portland 1 - Kansas City 3
BOTTOM OF THE 5TH
Kansas City Kings batting - Pitching for Portland Cards : RHP John Drake
Pitching: RHP Taylor Bowen
Batting: RHB Chris Chandler 0-0: Ball
1-0: Foul Ball, location: 2F
1-1: Foul Ball, location: 2F
1-2: Ball
2-2: Strikes out looking
Batting: LHB Ron Crawford 0-0: Called Strike
0-1: Ground out U3 (Groundball, 3)
Batting: RHB Oliver Lugo 0-0: Fly out, F7 (Flyball, 7LMF)
Bottom of the 5th over - 0 runs, 0 hits, 0 errors, 0 left on base; Portland 1 - Kansas City 3
TOP OF THE 6TH
Portland Cards batting - Pitching for Kansas City Kings : LHP Tim Davidson
Batting: LHB Joel Nelson 0-0: SINGLE (Line Drive, 8LS)
Batting: RHB Norm Francis 0-0: Swinging Strike
0-1: Ball
1-1: Ball
Joel Nelson steals 2nd base
2-1: Ball
3-1: Base on Balls
Batting: SHB Dale Winters 0-0: SINGLE (Flyball, 7S)
Joel Nelson to third
Norm Francis to second
Batting: LHB Paul Mullins 0-0: Called Strike
0-1: Swinging Strike
0-2: Ball
1-2: Foul Ball, location: 2F
1-2: Ball
2-2: Strikes out swinging
Batting: RHB Peter Hensley 0-0: SINGLE (Groundball, 6MD)
Joel Nelson scores
Norm Francis to third
Dale Winters to second
Runner from 3rd tries for Home, SAFE, no throw
Pitching: RHP Greg Reeves
Batting: RHB Bonifacio Torres 0-0: Ball
1-0: Grounds into double play, 1-4-3 (Groundball, 15S)
Top of the 6th over - 2 runs, 3 hits, 0 errors, 1 left on base; Portland 3 - Kansas City 3
BOTTOM OF THE 6TH
Kansas City Kings batting - Pitching for Portland Cards : RHP Taylor Bowen
Batting: RHB Dave Parker 0-0: Ball
1-0: Foul Ball, location: 2F
1-1: Fly out, F4 (Popup, 34S)
Batting: RHB Eric Fuller 0-0: Swinging Strike
0-1: Ball
1-1: Ball
2-1: Foul Ball, location: 2F
2-2: Ball
3-2: SINGLE (Groundball, 6D)
Batting: RHB Jason Stover 0-0: Swinging Strike
0-1: Foul Ball, location: 2F
0-2: Fielders Choice at 2nd, 4-6 (Groundball, 34)
Batting: LHB Greg Schultz 0-0: Ball
1-0: Ball
Jason Stover steals 2nd base
2-0: Called Strike
2-1: Foul Ball, location: 2F
2-2: Ball
3-2: Ground out 4-3 (Groundball, 4)
Bottom of the 6th over - 0 runs, 1 hit, 0 errors, 1 left on base; Portland 3 - Kansas City 3
TOP OF THE 7TH
Portland Cards batting - Pitching for Kansas City Kings : RHP Greg Reeves
Pinch Hitting: LHB Leonardo Medina 0-0: Ball
1-0: Fly out, F3 (Line Drive, 3S)
Batting: LHB Bill Smith 0-0: Ball
1-0: Ground out U3 (Groundball, 34)
Batting: LHB Caleb Hall 0-0: Ball
1-0: Ball
2-0: Foul Ball, location: 2F
2-1: Foul Ball, location: 2F
2-2: Ball
3-2: DOUBLE (Groundball, 3L)
Batting: LHB Joel Nelson 0-0: Ball
1-0: Fly out, F9 (Flyball, 89D)
Top of the 7th over - 0 runs, 1 hit, 0 errors, 1 left on base; Portland 3 - Kansas City 3
BOTTOM OF THE 7TH
Kansas City Kings batting - Pitching for Portland Cards : RHP Taylor Bowen
Now at SS: Ricardo López
Pinch Hitting: SHB Álex Hernández 0-0: Called Strike
0-1: Ground out 6-3 (Groundball, 6)
Pinch Hitting: LHB Earl Wigfall 0-0: Ball
1-0: SINGLE (Groundball, 34D)
Pinch Hitting: LHB Michael Cook 0-0: Ball
1-0: Ball
2-0: Called Strike
2-1: Foul Ball, location: 2F
2-2: Ball
3-2: Fielders Choice at 2nd, 4-6 (Groundball, 34)
Pinch Hitting: SHB Jeff Chambers 0-0: Called Strike
0-1: Ball
1-1: Foul Ball, location: 2F
1-2: Fly out, F9 (Line Drive, 89D)
Bottom of the 7th over - 0 runs, 1 hit, 0 errors, 1 left on base; Portland 3 - Kansas City 3
TOP OF THE 8TH
Portland Cards batting - Pitching for Kansas City Kings : RHP Greg Reeves
Now at 1B: Michael Cook
Now at 2B: Álex Hernández
Now at SS: Jeff Chambers
Now in CF: Earl Wigfall
Pinch Hitting: RHB Mario Beltrán 0-0: Called Strike
0-1: Fly out, F7 (Line Drive, 7)
Pinch Hitting: SHB Giancarlo Giannini 0-0: SOLO HOME RUN (Flyball, 7D), Distance : 384 ft
Batting: LHB Paul Mullins 0-0: Called Strike
0-1: Foul Ball, location: 2F
0-2: Ball
1-2: Fly out, F7 (Flyball, 7)
Batting: LHB Chance Santry 0-0: Called Strike
0-1: Ball
1-1: Foul Ball, location: 2F
1-2: Strikes out swinging
Top of the 8th over - 1 run, 1 hit, 0 errors, 0 left on base; Portland 4 - Kansas City 3
BOTTOM OF THE 8TH
Kansas City Kings batting - Pitching for Portland Cards : RHP Taylor Bowen
Pitching: LHP Guillermo Quiñones
Now at 2B: Giancarlo Giannini
Now in CF: Carlos Sánchez
Pinch Hitting: RHB Jon Krohne 0-0: Foul Ball, location: 2F
0-1: Ball
1-1: SINGLE (Line Drive, 6D)
Pinch Runner at 1st Dennis Garner:
Pinch Hitting: RHB Rafael Carreón 0-0: Ball
1-0: Sac Bunt - play at first, batter OUT! 1-4
Dennis Garner to second
Batting: RHB Terry Perkins 0-0: Foul Ball, location: 2F
0-1: Foul Ball, location: 2F
0-2: Ball
Wild Pitch!
Dennis Garner to third
1-2: Ball
2-2: SINGLE (Groundball, 56D)
Dennis Garner scores
Pinch Runner at 1st Orlando Hernández:
Pinch Hitting: RHB Claudio Rodríguez 0-0: Foul Ball, location: 2F
0-1: Ball
1-1: Foul Ball, location: 2F
1-2: Strikes out looking
Batting: LHB Greg Schultz 0-0: Ground out 4-3 (Groundball, 4)
Bottom of the 8th over - 1 run, 2 hits, 0 errors, 1 left on base; Portland 4 - Kansas City 4
TOP OF THE 9TH
Portland Cards batting - Pitching for Kansas City Kings : RHP Brian Hull
Pitching: RHP Brian Hull
Now at SS: Dennis Garner
Now in LF: Claudio Rodríguez
Pinch Hitting: RHB Aaron Scott 0-0: SINGLE (Line Drive, 89M)
Pitching: RHP Nick Parks
Now at 3B: Mark Roy
Pinch Hitting: LHB Jeff Forsyth 0-0: Foul Ball, location: 2F
0-1: Fielders Choice at 2nd, 1-6 (Groundball, 13)
Pinch Hitting: RHB Jared Thompson 0-0: Ball
1-0: Ball
2-0: Ball
3-0: Base on Balls
Jeff Forsyth to second
Pinch Hitting: LHB Nick Scott 0-0: Swinging Strike
0-1: Ball
1-1: Foul Ball, location: 2F
1-2: Foul Ball, location: 2F
1-2: Strikes out swinging
Pinch Hitting: LHB Millard Dye 0-0: Ball
1-0: Swinging Strike
1-1: Swinging Strike
1-2: Foul Ball, location: 2F
1-2: Foul Ball, location: 2F
1-2: Strikes out swinging
Top of the 9th over - 0 runs, 1 hit, 0 errors, 2 left on base; Portland 4 - Kansas City 4
BOTTOM OF THE 9TH
Kansas City Kings batting - Pitching for Portland Cards : LHP Guillermo Quiñones
Now at C: Jeff Forsyth
Now at 3B: Aaron Scott
Now at SS: Jared Thompson
Now in LF: Nick Scott
Now in RF: Jim Villiers
Batting: SHB Álex Hernández 0-0: Single, Error in OF, E7, batter to second base
Batting: LHB Earl Wigfall 0-0: Ball
1-0: Called Strike
1-1: SINGLE (Groundball, 4MD)
Álex Hernández to third
Runner from 3rd tries for Home, SAFE, no throw
Saturday, April 7th, 2018 - OOTP Baseball 18.8 Build 76